 Dungeon Crawl Stone Soup version 0.31.0-32-g396128a36d (webtiles) character file.

Game seed: 5592282788497662446

767 mainiacjoe the Ruffian (level 7, -1/43 HPs)
             Began as an Octopode Shapeshifter on Mar 29, 2024.
             Was a Priest of Cheibriados.
             Slain by Edmund
             ... wielding a +2 flail of protection
              (15 damage)
             ... on level 6 of the Dungeon.
             The game lasted 00:11:57 (4470 turns).

mainiacjoe the Ruffian (Octopode Shapeshifter)      Turns: 4470, Time: 00:11:58

Health: -1/43      AC:  1    Str: 18    XL:     7   Next: 82%
Magic:  7/7        EV: 13    Int: 22    God:    Cheibriados [***...]
Gold:   57         SH:  0    Dex: 17    Spells: 6/6 levels left

rFire   x .          .
                       - Unarmed
rCold   . . .        (no shield)
rNeg    . . .        (helmet currently unavailable)
rPois   .            (no amulet)
rElec   .            t - ring "Qelu" {SInv Stlth+}
rCorr   .            p - ring of wizardry
SInv    +            (no ring)
Will    .....        (no ring)
Stlth   ++++         (no ring)
HPRegen 0.27/turn    (no ring)
MPRegen 0.10/turn    (no ring)
                     (no ring)

%: wizardry (x1)
@: beast-form, very slow
A: beast (slay +3), almost no armour, amphibious, 8 rings, camouflage 1,
gelatinous body 1, (nimble swimmer 1), tentacles, clever 1, weak 1, heat
vulnerability 1, MP-powered wands
a: Begin Untransformation, Renounce Religion, Bend Time, Temporal Distortion


You were on level 6 of the Dungeon.
You worshipped Cheibriados.
Cheibriados was most pleased with you.
You were a hulking beast.
You visited 2 branches of the dungeon, and saw 7 of its levels.

You collected 354 gold pieces.
You spent 297 gold pieces at shops.

Inventory:

Hand Weapons
 b - a +0 sling
Missiles
 e - 40 stones
 h - 8 poisoned darts
 s - 3 boomerangs
Magical Staves
 f - a staff of conjuration
Jewellery
 p - a ring of wizardry (right tentacle)
 t - the ring "Qelu" (left tentacle) {SInv Stlth+}
   (You bought it in a shop on level 2 of the Dungeon)

   [ring of see invisible]

   SInv:      It lets you see invisible.
   Stlth+:    It makes you more stealthy.
Talismans
 c - a flux talisman
 i - a beast talisman
Wands
 o - a wand of mindburst (21)
 v - a wand of charming (14)
Scrolls
 j - a scroll of teleportation
 l - 4 scrolls of enchant armour
 r - 2 scrolls of poison
 u - a scroll of enchant weapon
Potions
 a - 2 potions of lignification
 d - a potion of mutation
 g - 2 potions of invisibility
 k - 2 potions of heal wounds
 m - a potion of curing
 n - a potion of might {unknown}
 q - a potion of enlightenment {unknown}


   Skills:
 + Level 1.3 Fighting
 + Level 2.2 Dodging
 + Level 1.2 Stealth
 * Level 6.6 Unarmed Combat
 - Level 6.0 Shapeshifting


You had 6 spell levels left.
You didn't know any spells.
Your spell library contained the following spells:

 Spells                   Type           Power      Damage    Failure   Level
 Kiss of Death            Conj/Necr      0%         2d5       7%          1
 Magic Dart               Conj           0%         1d3       7%          1
 Slow                     Hex            0%         N/A       7%          1
 Confusing Touch          Hex            0%         N/A       21%         3
 Sigil of Binding         Hex            0%         N/A       21%         3
 Vampiric Draining        Necr           0%         2d6       21%         3
 Dispel Undead            Necr           0%         3d6       52%         4
 Iskenderun's Battlesphe  Conj           0%         2d6       86%         5
 Bombard                  Conj/Erth      0%         9d1       100%        6
 Haunt                    Necr/Summ      0%         N/A       100%        7
 Spellforged Servitor     Conj/Summ      0%         N/A       100%        7
 Borgnjor's Revivificati  Necr           0%         N/A       100%        8
 Death's Door             Necr           0%         N/A       100%        9


Dungeon Overview and Level Annotations

Branches:
Dungeon (6/15)             Temple (1/1) D:5

Altars:
Cheibriados
Dithmenos
Fedhas
Gozag
Hepliaklqana
Kikubaaqudgha
Okawaru
Sif Muna
Vehumet
The Shining One

Shops:
D:2 =

Annotations:
D:5 exclusion: ice beast, Ijyb
D:6 exclusion: steam dragon, Edmund


Innate Abilities, Weirdness & Mutations

You are a hulking beast.
Your limbs bulge with bestial killing power. (Slay +3)
You cannot wear most types of armour.
You are amphibious.
You can wear up to eight rings at the same time.
Your skin changes colour to match your surroundings (Stealth+).
Your rubbery body absorbs attacks. (AC +1, EV +1)
((You are camouflaged when in or above water. (Stealth+)))
You have tentacles for arms and can constrict up to eight enemies at once.
Your mind is acute. (Int +4, Str/Dex -1)
You are weak. (Str -2)
You are vulnerable to heat. (rF-)
You expend magic power (3 MP) to strengthen your wands.


Message History

You feel sick.
You feel sick.
You feel sick.
You feel sick.
You are no longer poisoned.
Key pressed, stopping explore.
A steam dragon comes into view.
Press: ? - help, v - describe, . - travel
Here: a steam dragon (asleep)
The floor.
Placed new exclusion.
Edmund the Younger comes into view.
He is wielding a +2 flail of protection and wearing a +1 scale mail of willpower.
You tentacle-slap Edmund but do no damage.
You grab Edmund. You constrict Edmund, but do no damage.
Edmund barely misses you.
You tentacle-slap Edmund.
Edmund is lightly wounded.
You constrict Edmund, but do no damage.
Edmund hits you with a +2 flail of protection!
You tentacle-slap Edmund but do no damage.
Edmund is lightly wounded.
You constrict Edmund, but do no damage. Edmund completely misses you.
You tentacle-slap Edmund. You tentacle-slap Edmund!
Edmund is moderately wounded.
You constrict Edmund.
Edmund hits you with a +2 flail of protection!
You tentacle-slap Edmund. You squeeze Edmund.
Edmund is heavily wounded.
You constrict Edmund, but do no damage.
You tentacle-slap Edmund but do no damage.
You squeeze Edmund, but do no damage.
Edmund is heavily wounded.
You constrict Edmund, but do no damage.
Edmund hits you with a +2 flail of protection!
You tentacle-slap Edmund.
Edmund is severely wounded.
You constrict Edmund, but do no damage.
Edmund hits you with a +2 flail of protection!
You die...
Edmund says, "That'll show my brother!"

#.#####.# #.#####.# .
#.......##. ##.######..
#.# .# # #.# .##.# ###.#
... ##.#.######.##
##.........h..#
######.....##.##.@......
............#.##.#.#.###
#####.......#.##.......
#.#.....#.####.#.# #
#.##....#.# .#.#
#.###...#.. # #
#.#####.### #.......#


You could see Edmund.

Vanquished Creatures
  A water moccasin (D:6)
  A black bear (D:4)
  A bullfrog (D:6)
  2 scorpions
  A bombardier beetle (D:5)
  A hound (D:5)
  An orc priest (D:5)
  A jelly (D:6)
  2 iguanas (D:5)
  An orc wizard (D:5)
  10 adders
  A shadow imp (D:5)
  A white imp (D:5)
  3 dart slugs (D:1)
  A ribbon worm (D:5)
  6 orcs
  9 endoplasms
  2 giant cockroaches
  9 goblins
  7 hobgoblins
  3 quokkas
  3 ball pythons
  9 bats
  A frilled lizard (D:1)
  10 kobolds
  5 rats
92 creatures vanquished.

Notes
Turn   | Place    | Note
-------+----------+-------------------------------------------
     0 | D:1      | mainiacjoe the Octopode Shapeshifter began the quest for
                  | the Orb.
     0 | D:1      | Reached XP level 1. HP: 13/13 MP: 1/1
   203 | D:1      | Reached XP level 2. HP: 18/18 MP: 2/2
   477 | D:1      | Reached XP level 3. HP: 22/23 MP: 3/3
  1091 | D:2      | Found Enihaz's Jewellery Shoppe.
  1196 | D:2      | Reached XP level 4. HP: 24/28 MP: 4/4
  1296 | D:2      | Found a faded altar of an unknown god.
  1316 | D:2      | Prayed at the altar of an unknown god.
  1316 | D:2      | Became a worshipper of Cheibriados the Contemplative
  1316 | D:2      | Reached * piety under Cheibriados
  2390 | D:3      | Reached ** piety under Cheibriados
  2632 | D:4      | Noticed a black bear
  2641 | D:4      | Killed a black bear
  2642 | D:4      | Reached XP level 5. HP: 21/33 MP: 5/5
  2656 | D:4      | Reached skill level 5 in Unarmed Combat
  2764 | D:4      | Reached XP level 6. HP: 34/38 MP: 6/6
  2905 | D:4      | Reached skill level 5 in Shapeshifting
  2974 | D:4      | Found a radiant altar of Vehumet.
  2979 | D:4      | Got Vehumet's Atlas of the Volley
  2981 | D:4      | Found an ancient bone altar of Kikubaaqudgha.
  2982 | D:4      | Found a shimmering blue altar of Sif Muna.
  3141 | D:5      | Entered Level 5 of the Dungeon
  3263 | D:2      | Bought the ring "Qelu" {SInv Stlth+} for 297 gold pieces
  3381 | D:5      | Noticed an ice beast
  3459 | D:5      | Reached XP level 7. HP: 24/43 MP: 7/7
  3573 | D:5      | Gained mutation: You are weak. (Str -2) [potion of
                  | mutation]
  3573 | D:5      | Gained mutation: Your mind is acute. (Int +4, Str/Dex -1)
                  | [potion of mutation]
  3573 | D:5      | Gained mutation: You are vulnerable to heat. (rF-) [potion
                  | of mutation]
  3573 | D:5      | Gained mutation: You expend magic power (3 MP) to
                  | strengthen your wands. [potion of mutation]
  3582 | D:5      | HP: 2/43 [orc/+0 mace (7)]
  3795 | D:5      | Noticed Ijyb
  3846 | D:5      | Found a staircase to the Ecumenical Temple.
  3879 | Temple   | Entered the Ecumenical Temple
  4084 | D:5      | You fall into a shaft and drop 1 floor!
  4100 | D:6      | Reached *** piety under Cheibriados
  4316 | D:6      | Reached skill level 1 in Stealth
  4431 | D:6      | Noticed a steam dragon
  4463 | D:6      | Noticed Edmund
  4470 | D:6      | Slain by Edmund

Illustrated notes

Levels and vault maps discovered:
D:1:      dpeg_arrival_snail, layout_basic, minmay_tree_intersection,
          minmay_tall_x
D:2:      layout_loops_corners, serial_shops, shop,
          hellmonk_ecumenical_altar_pennies_from_heaven,
          grunt_decor_mini_mirrors, serial_bayou_crossing
D:3:      layout_basic, chequers_big_river
D:4:      layout_cave_pools, grunt_temple_overflow_magic_moments
D:5:      layout_loops_cross, minmay_temple_entry_mini_moons, serial_glass,
          glass_columns_b, glass_columns_c, glass_columns_c, glass_columns_a,
          glass_columns_a, glass_columns_a, glass_columns_c, glass_columns_a,
          glass_columns_c, glass_columns_a, uniq_ijyb
D:6:      layout_loops_cross, chei_slow_surprise, mainiacjoe_overflow_alcove_4,
          uniq_edmund
Temple:   hellmonk_temple_beads

Skill      XL: |  1  2  3  4  5  6  7 |
---------------+----------------------+-----
Unarmed Combat | 4 5 6 |  6.6
Shapeshifting  | 4 5 6 |  6.0
Stealth        | 1 |  1.2
Fighting       | |  1.3
Dodging        | |  2.2

Action                     |  1- 3 |  4- 6 |  7- 9 || total
---------------------------+-------+-------+-------++-------
  Melee: Unarmed           |    58 |    76 |    29 ||   163
         Constrict         |    13 |    23 |     8 ||    44
         Tentacles         |     5 |    15 |    11 ||    31
         Punch             |     1 |     2 |     1 ||     4
  Throw: Stone             |     9 |       |       ||     9
    Use: Scroll            |     6 |     3 |       ||     9
         Potion            |       |       |     4 ||     4
   Stab: Sleeping          |     8 |     8 |     1 ||    17
 Armour: Skin              |    34 |    22 |    28 ||    84
  Dodge: Dodged            |    40 |    37 |    28 ||   105
